 Dungeon Crawl Stone Soup version 0.29.0-15-g675c0067aa (webtiles) character file.

Game seed: 11742498564755466834

3649 groovy9 the Cleaver (level 10, 0/84 HPs)
             Began as a Hill Orc Fighter on Sept 11, 2022.
             Was a Believer of Okawaru.
             Slain by a troll (2 damage)
             ... on level 9 of the Dungeon.
             The game lasted 00:23:06 (6966 turns).

groovy9 the Cleaver (Hill Orc Fighter)              Turns: 6966, Time: 00:23:07

Health: 0/84       AC: 15    Str: 24    XL:     10   Next: 12%
Magic:  10/10      EV:  3    Int: 14    God:    Okawaru [**....]
Gold:   501        SH:  0    Dex: 15    Spells: 9/9 levels left

rFire   + . .      SeeInvis +   a - +4 war axe (flame)
rCold   . . .      Faith    .   o - +0 kite shield
rNeg    . . .      Spirit   .   h - +5 chain mail {rF+}
rPois   .          Reflect  .   (no helmet)
rElec   .          Harm     .   x - scarf {repulsion}
rCorr   .          Rampage  .   (no gloves)
Will    .....                   (no boots)
Stlth   ..........              e - amulet of regeneration
HPRegen 1.04/turn               p - ring of see invisible
MPRegen 0.12/turn               q - ring "Imodyske" {+Blink Int+6 Dex+5}

@: lethally poisoned (0 -> 0), held, hasted and slowed, repel missiles
A: no striking features
a: Renounce Religion, Evoke Blink, Heroism


You were on level 9 of the Dungeon.
You worshipped Okawaru.
Okawaru was pleased with you.
You visited 2 branches of the dungeon, and saw 11 of its levels.
You also visited: Sewer.

You collected 583 gold pieces.
You spent 82 gold pieces at shops.

Inventory:

Hand Weapons
 a - a +4 war axe of flaming (weapon)
Missiles
 u - 4 boomerangs
 w - 2 boomerangs of dispersal (quivered)
 C - 2 throwing nets
Armour
 h - a +5 chain mail of fire resistance (worn)
 m - the +3 ring mail of the Hidden Vale {Drain Will++ Str+5}
   (You found it on level 4 of the Dungeon)

   Str:       It affects your strength (+5).
   Drain:     It drains your maximum health when unequipped.
   Will:      It greatly increases your willpower.
 o - a +0 kite shield (worn)
 x - a scarf of repulsion (worn)
 H - the +1 ring mail of Ru's Whim {+Inv rCorr Str+2 Dex-4}
   (You found it on level 8 of the Dungeon)

   Str:       It affects your strength (+2).
   Dex:       It affects your dexterity (-4).
   +Inv:      It lets you turn invisible.
   rCorr:     It protects you from acid and corrosion.
Jewellery
 e - an amulet of regeneration (around neck)
 p - a ring of see invisible (left hand)
 q - the ring "Imodyske" (right hand) {+Blink Int+6 Dex+5}
   (You found it on level 4 of the Dungeon)

   [ring of intelligence]

   Int:       It affects your intelligence (+6).
   Dex:       It affects your dexterity (+5).
   +Blink:    It lets you blink.
 s - an amulet of faith
Wands
 d - a wand of flame (44)
 I - a wand of digging (6)
Scrolls
 c - 4 scrolls of teleportation
 j - a scroll of blinking
 n - 3 scrolls of magic mapping
 v - 2 scrolls of brand weapon
 y - a scroll of fog {unknown}
 z - a scroll of noise {unknown}
 A - 2 scrolls of amnesia
 E - a scroll of vulnerability {unknown}
 F - a scroll of poison {unknown}
 G - a scroll of summoning {unknown}
Potions
 b - 7 potions of flight
 f - 3 potions of brilliance
 g - a potion of attraction
 i - a potion of heal wounds
 k - 2 potions of magic
 l - 3 potions of degeneration
 r - 2 potions of curing
 t - a potion of invisibility
 B - a potion of haste
 D - a potion of mutation {unknown}


   Skills:
 + Level 6.3 Fighting
 + Level 12.8 Axes
 + Level 3.8 Throwing
 + Level 5.9 Armour
 + Level 3.7 Shields
 + Level 6.6 Evocations


You had 9 spell levels left.
You didn't know any spells.
Your spell library contained the following spells:

 Spells                   Type           Power      Damage    Failure   Level
 Apportation              Tloc           0%         N/A       99%         1
 Necrotise                Necr           0%         1d4       99%         1
 Ensorcelled Hibernation  Hex/Ice        0%         N/A       100%        2
 Conjure Flame            Conj/Fire      0%         6-21      100%        3
 Gell's Gravitas          Tloc           0%         N/A       100%        3
 Ignite Poison            Fire/Tmut/Pois 0%         N/A       100%        3
 Lesser Beckoning         Tloc           0%         N/A       100%        3
 Portal Projectile        Hex/Tloc       0%         N/A       100%        3
 Spider Form              Tmut/Pois      0%         N/A       100%        3
 Teleport Other           Tloc           0%         N/A       100%        3
 Anguish                  Hex/Necr       0%         N/A       100%        4
 Leda's Liquefaction      Hex/Erth       0%         N/A       100%        4
 Sticky Flame             Conj/Fire      0%         2d3       100%        4
 Summon Small Mammal      Summ           Unusable   N/A       N/A         1
 Call Canine Familiar     Summ           Unusable   N/A       N/A         3

Dungeon Overview and Level Annotations

Branches:
Dungeon (10/15)            Temple (1/1) D:7           Sewer (visited)
   Lair: D:8-11         Orc: D:9-12

Altars:
Ashenzari
Cheibriados
Dithmenos
Elyvilon
Fedhas
Gozag
Kikubaaqudgha
Makhleb
Okawaru
Qazlal
Ru
Sif Muna
Trog
Uskayaw
Vehumet
Wu Jian
Xom
Yredelemnul
Zin

Shops:
D:1 :   D:2 [   D:3 *   D:7 =

Annotations:
D:9 Gastronok, Harold


Message History

The killer bee poisons you!
You miss the killer bee.
You feel very sick.
A killer bee comes into view.
You block the killer bee's attack. The killer bee stings you.
* * * LOW HITPOINT WARNING * * *
You are more poisoned.
The killer bee poisons you!
Okay, then.
You feel much better.
You feel very sick.
The killer bee buzzes angrily.
You block the killer bee's attack. The killer bee stings you!
* * * LOW HITPOINT WARNING * * *
The troll barely misses you. You block the troll's attack. x2
Gastronok is buffeted by a sudden breeze.
Gastronok's eyestalks quiver as he mumbles some strange words.
Gastronok puts on a burst of speed!
You miss the killer bee. You hit the troll. You burn the troll.
You feel very sick.
The killer bee stings you but does no damage.
A killer bee comes into view. x2
You block the killer bee's attack. You block the troll's attack.
The troll claws you.
* * * LOW HITPOINT WARNING * * *
The troll claws you!
* * * LOW HITPOINT WARNING * * *
The killer bee buzzes angrily. x2
You slash the killer bee! You burn the killer bee.
The killer bee is severely wounded.
You slash the troll! You burn the troll.
You feel sick. You block the killer bee's attack.
The troll closely misses you. x2
The troll claws you but does no damage.
Harold throws a throwing net.
You block the throwing net.
You fail to use your ability.
You feel sick. You block the killer bee's attack. x2
Harold throws a throwing net.
The throwing net hits you.
You become entangled in the net!
The troll bites you!
* * * LOW HITPOINT WARNING * * *
The troll claws you but does no damage. The troll claws you.
You die...

...............
................
................
................
................
................
........y..w.......
.......@yy.y........
......T...y.#........
...........###.......
............#......y.
....#..@.............
...###?.............$
... #................
.....................
...$...............


You could see Gastronok (swift), Harold, a troll and 5 killer bees.

Vanquished Creatures
  Pikel (D:5)
  A wraith (D:7)
  A steam dragon (D:7)
  Menkaure (D:7)
  A water moccasin (D:6)
  3 sky beasts
  An orc warrior (D:8)
  3 black bears
  2 ogres
  2 ice beasts (D:6)
  2 centaurs
  3 lemures (D:5)
  A kobold brigand (D:8)
  5 bullfrogs
  A gnoll sergeant (D:7)
  A scorpion (D:4)
  2 necrophages (D:7)
  2 howler monkeys (D:7)
  A jelly (D:4)
  3 hounds
  A gnoll bouda (D:4)
  4 orc priests
  Terence (D:2)
  3 iguanas
  A merfolk siren (Sewer)
  2 orc wizards
  A merfolk avatar (Sewer)
  9 gnolls
  9 adders
  3 river rats (Sewer)
  An ufetubus (D:5)
  6 worms
  5 dart slugs
  23 orcs
  6 endoplasms
  6 giant cockroaches
  19 goblins
  16 hobgoblins
  4 jackals (D:2)
  5 quokkas
  4 ball pythons
  6 bats
  6 frilled lizards
  19 kobolds
  20 rats
217 creatures vanquished.

Vanquished Creatures (others)
  A fungus (D:8)
  5 plants
6 creatures vanquished.

Grand Total: 223 creatures vanquished

Notes
Turn   | Place    | Note
-------+----------+-------------------------------------------
     0 | D:1      | groovy9 the Hill Orc Fighter began the quest for the Orb.
     0 | D:1      | Reached XP level 1. HP: 19/19 MP: 1/1
    24 | D:1      | Reached skill level 3 in Axes
   173 | D:1      | Reached XP level 2. HP: 25/26 MP: 2/2
   251 | D:1      | Reached skill level 4 in Axes
   437 | D:1      | Found a faded altar of an unknown god.
   483 | D:1      | Found Ekomaumm's Book Boutique.
   701 | D:1      | Reached XP level 3. HP: 27/31 MP: 3/3
  1002 | D:2      | Noticed Terence
  1017 | D:2      | Killed Terence
  1018 | D:2      | Reached skill level 5 in Axes
  1047 | D:2      | Found Kyig's Antique Armour Shop.
  1066 | D:2      | Reached XP level 4. HP: 39/39 MP: 4/4
  1313 | D:2      | Reached skill level 6 in Axes
  1663 | D:3      | Found an ornate altar of the Wu Jian Council.
  1766 | D:3      | Reached XP level 5. HP: 45/45 MP: 5/5
  1923 | D:3      | Found Dienenas's General Store.
  1943 | D:3      | Bought a scroll of enchant weapon for 82 gold pieces
  2218 | D:3      | Found a glowing drain.
  2237 | D:3      | Reached skill level 7 in Axes
  2240 | Sewer    | Entered a sewer
  2423 | Sewer    | Reached skill level 8 in Axes
  2423 | Sewer    | Noticed a malarious merfolk avatar
  2431 | Sewer    | Reached XP level 6. HP: 51/51 MP: 6/6
  2630 | D:4      | Found a broken altar of Ashenzari.
  2810 | D:4      | Identified the +3 ring mail of the Hidden Vale {Drain
                  | Will++ Str+5}
  2826 | D:4      | Reached skill level 9 in Axes
  2900 | D:4      | Identified the ring "Imodyske" {+Blink Int+6 Dex+5}
  2956 | D:4      | Reached XP level 7. HP: 57/57 MP: 7/7
  3271 | D:4      | Reached skill level 1 in Evocations
  3554 | D:5      | Entered Level 5 of the Dungeon
  3605 | D:5      | Reached skill level 10 in Axes
  3923 | D:5      | Found a radiant altar of Vehumet.
  3923 | D:5      | Noticed Pikel
  4256 | D:5      | Killed Pikel
  4257 | D:5      | Reached skill level 11 in Axes
  4257 | D:5      | Reached XP level 8. HP: 15/64 MP: 8/8
  4876 | D:6      | Found a faded altar of an unknown god.
  4971 | D:6      | Reached skill level 5 in Evocations
  5005 | D:6      | Reached skill level 1 in Throwing
  5121 | D:6      | Reached XP level 9. HP: 69/72 MP: 9/9
  5272 | D:6      | Reached skill level 12 in Axes
  5406 | D:7      | Found Gytaqit's Jewellery Shop.
  5495 | D:7      | Found a staircase to the Ecumenical Temple.
  5506 | D:7      | Reached skill level 5 in Fighting
  5511 | Temple   | Entered the Ecumenical Temple
  5564 | Temple   | Became a worshipper of Warmaster Okawaru
  5599 | D:7      | Noticed Menkaure
  6042 | D:7      | Found a shimmering blue altar of Sif Muna.
  6053 | D:7      | Reached skill level 5 in Armour
  6128 | D:7      | Reached * piety under Okawaru
  6238 | D:7      | Identified the +1 robe "Socveox" {Dex+4}
  6369 | D:7      | Killed Menkaure
  6424 | D:7      | Found a shimmering altar of Xom.
  6784 | D:8      | Identified the +1 ring mail of Ru's Whim {+Inv rCorr Str+2
                  | Dex-4}
  6793 | D:8      | Reached XP level 10. HP: 83/83 MP: 10/10
  6874 | D:8      | Reached ** piety under Okawaru
  6909 | D:8      | You fall into a shaft and drop 2 floors!
  6909 | D:10     | Entered Level 10 of the Dungeon
  6953 | D:9      | Noticed Harold
  6957 | D:9      | Noticed Gastronok
  6966 | D:9      | HP: 2/84 [troll (8)]
  6966 | D:9      | Slain by a troll

Illustrated notes

Levels and vault maps discovered:
D:1:      minmay_arrival_jagged, layout_loops_corners, serial_shops,
          nicolae_shop_behind_doors, shapermc_ecumenical_altar_petra
D:2:      kennysheep_the_goblin_king, layout_basic, serial_shops,
          nicolae_shop_waterfront, grunt_ministairs_10,
          minmay_misc_feat_secret_circle, uniq_terence
D:3:      layout_loops_ring, nzn_wu_jian_contemplation, serial_shops, shop,
          cheibrodos_sewer_entry_bend
D:4:      layout_gridville, mainiacjoe_overflow_24_doors,
          grunt_decor_one_mirror, chequers_serial_rivers_small_3,
          minmay_pentangle
D:5:      layout_basic, vehumet_altar_wand_db, nicolae_ossuary_entry_plus,
          uniq_pikel
D:6:      layout_cave_pools, serial_column_ruins, column_ruins_hut_ruined,
          column_ruins_temple_hall, column_ruins_open_medium,
          column_ruins_columns_water, column_ruins_open_medium,
          column_ruins_grid_2, amcnicky_mini_corridor_feature
D:7:      corexii_shantytown, layout_basic, mainiacjoe_overflow_large_starburst,
          minmay_temple_entry_mini_moons, serial_shops, nicolae_stop_n_shop_1,
          uniq_menkaure
D:8:      layout_rooms, lemuel_round_altar,
          nicolae_hepliaklqana_ecumenical_no_more, minmay_lair_entry_grove
D:9:      layout_big_octagon, uniq_harold, uniq_gastronok
D:10:     minmay_bloctagon, layout_stronghold, old_standard_altar, david_orc_4
Temple:   zaba_magenta_temple

Skill      XL: |  1  2  3  4  5  6  7  8  9 |
---------------+----------------------------+-----
Axes           | 3 4 5 6 8 9 11 12 | 12.8
Evocations     | 4 5 6 |  6.6
Fighting       | 4 6 |  6.3
Throwing       | 1 3 |  3.8
Armour         | 4 5 |  5.9
Shields        | |  3.7

Action                   |  1- 3 |  4- 6 |  7- 9 | 10-12 || total
-------------------------+-------+-------+-------+-------++-------
Melee: War axe           |    71 |   169 |   206 |    28 ||   474
 Abil: Evoke Blink       |       |       |     2 |       ||     2
  Use: Scroll            |     4 |     6 |    11 |     1 ||    22
       Potion            |       |     1 |     3 |     2 ||     6
Armor: Scale mail        |    21 |       |       |       ||    21
       Chain mail        |     7 |    97 |    79 |    39 ||   222
Dodge: Dodged            |    36 |    39 |    42 |    10 ||   127
Block: Buckler           |    15 |    13 |       |       ||    28
       Kite shield       |       |    33 |    85 |    40 ||   158
